 Dungeon Crawl Stone Soup version 0.32-a0-933-ga8fa3634e4 (webtiles) character file.

Game seed: 10766855184620094977

978 smashvw the Magician (level 8, -5/54 HPs)
             Began as a Djinni Ice Elementalist on Apr 14, 2024.
             Was an Initiate of Makhleb.
             Slain by Grinder (6 damage)
             ... on level 6 of the Dungeon.
             The game lasted 00:11:58 (4819 turns).

smashvw the Magician (Djinni Ice Elementalist)      Turns: 4819, Time: 00:11:58

Health: -5/54      AC: 10    Str:  7    XL:     8   Next: 40%
Gold:   235        EV: 11    Int: 20    God:    Makhleb [......] SH:  0 Dex: 13

rFire   + + .        (no weapon)
rCold   x . .        (no shield)
rNeg    . . .        a - +0 robe
rPois   ∞            (no helmet)
rElec   .            g - scarf {repulsion}
rCorr   .            (no gloves)
SInv    .            (boots unavailable)
Will    .....        (no amulet)
Stlth   ++           (no ring)
HPRegen 0.29/turn    (no ring)

%: repel missiles, infuse magic (-6 HP)
@: ice-armoured, freezing walls, flying
A: sickness immunity, fire resistance 2, cold vulnerability 1, float, innate
caster, HP casting, extra vitality 1
a: Renounce Religion


You were on level 6 of the Dungeon.
You worshipped Makhleb.
Makhleb was noncommittal.
You visited 2 branches of the dungeon, and saw 7 of its levels.

You collected 235 gold pieces.

Inventory:

Armour
 a - a +0 robe (worn)
 g - a scarf of repulsion (worn)
Jewellery
 w - a ring of willpower
Wands
 p - a wand of mindburst (16)
Scrolls
 d - 3 scrolls of identify {unknown}
 e - 2 scrolls of poison {unknown}
 h - 2 scrolls of enchant weapon {unknown}
 k - 3 scrolls of teleportation {unknown}
 l - a scroll of revelation {unknown}
 m - a scroll of vulnerability {unknown}
 r - a scroll of noise {unknown}
 s - a scroll of fear {unknown}
 u - a scroll of immolation {unknown}
Potions
 b - a potion of brilliance {unknown}
 c - 2 potions of haste {unknown}
 f - a potion of mutation {unknown}
 i - 2 potions of heal wounds {unknown}
 j - a potion of ambrosia {unknown}
 n - 2 potions of enlightenment {unknown}
 o - a potion of magic {unknown}
 q - a potion of might {unknown}
 t - 2 potions of degeneration {unknown}
 v - a potion of lignification {unknown}


   Skills:
 - Level 2.0 Fighting
 - Level 2.1 Dodging
 - Level 1.5 Stealth
 + Level 7.8 Spellcasting
 + Level 7.8 Conjurations
 + Level 7.8 Hexes
 + Level 7.8 Summonings
 + Level 7.8 Necromancy
 + Level 7.8 Translocations
 + Level 7.8 Fire Magic
 + Level 7.8 Ice Magic
 + Level 7.8 Air Magic
 + Level 7.8 Earth Magic
 + Level 7.8 Alchemy


You knew the following spells:

 Your Spells              Type           Power      Damage    Failure   Level
a - Freeze                Ice            100%       1d10      1%          1
b - Frozen Ramparts       Ice            78%        1d12      1%          3
c - Ozocubu's Armour      Ice            39%        N/A       1%          3
d - Summon Ice Beast      Ice/Summ       39%        N/A       1%          3
e - Summon Small Mammal   Summ           100%       N/A       1%          1
f - Call Imp              Summ           78%        N/A       1%          2
g - Swiftness             Air            39%        N/A       1%          3
Your spell library was empty.

Dungeon Overview and Level Annotations

Branches:
Dungeon (6/15)             Temple (1/1) D:4

Altars:
Ashenzari
Cheibriados
Elyvilon
Fedhas
Gozag
Hepliaklqana
Makhleb
Nemelex Xobeh
Okawaru
Qazlal
Ru
Trog
Wu Jian
Yredelemnul
Zin
The Shining One

Shops:
D:5 [

Annotations:
D:5 2 transporters, Ahpoh's ghost, novice CoGl
D:6 Grinder
Temple 2 transporters


Innate Abilities, Weirdness & Mutations

You are immune to sickness and miasma.
You are immune to poison.
Your flesh is very heat resistant. (rF++)
You are vulnerable to cold. (rC-)
You float through the air rather than walking.
You learn spells naturally, not from books.
Your magical power is your life essence.
You have superior vitality. (+4 MHP)


Message History

Aim: Grinder (severely wounded, ally target)
You freeze Grinder but do no damage.
Grinder completely resists.
* * * LOW HITPOINT WARNING * * *
Your ice beast hits Grinder but does no damage.
Grinder completely resists.
The wall freezes Grinder but does no damage.
Grinder hits you but does no damage.
Casting: Freeze (safe; 1% risk of failure)
Confirm with . or Enter, or press ? or * to list all spells.
Aiming: Freeze (safe; 1% risk of failure)
Press: ? - help, Shift-Dir - straight line, f/p - Grinder
Aim: Grinder (severely wounded, ally target)
You freeze Grinder but do no damage.
Grinder completely resists.
* * * LOW HITPOINT WARNING * * *
Your ice beast misses Grinder.
Grinder completely resists.
The wall freezes Grinder but does no damage.
Grinder barely misses you.
Casting: Freeze (safe; 1% risk of failure)
Confirm with . or Enter, or press ? or * to list all spells.
Aiming: Freeze (safe; 1% risk of failure)
Press: ? - help, Shift-Dir - straight line, f/p - Grinder
Aim: Grinder (severely wounded, ally target)
You freeze Grinder but do no damage.
Grinder completely resists.
* * * LOW HITPOINT WARNING * * *
Your ice beast hits Grinder but does no damage.
Grinder resists.
The wall freezes Grinder.
Grinder hits you but does no damage.
Casting: Freeze (safe; 1% risk of failure)
Confirm with . or Enter, or press ? or * to list all spells.
Aiming: Freeze (safe; 1% risk of failure)
Press: ? - help, Shift-Dir - straight line, f/p - Grinder
Aim: Grinder (severely wounded, ally target)
You freeze Grinder.
Grinder resists.
Grinder is severely wounded.
* * * LOW HITPOINT WARNING * * *
Your ice beast closely misses Grinder.
Grinder resists.
The wall freezes Grinder.
Grinder hits you.
* * * LOW HITPOINT WARNING * * *
You writhe in agony.
You die...
Grinder says, "Hey, I wasn't done torturing you yet!"

#. ##. #.. #..#
#... #)Y##
#)5## #@.##
#...## ##...#
######....#
#......#..#
#(..#.##...#
##..........#
##...≈§.§≈...##
#..≈..≈.≈..≈..#


You could see Grinder (ally target) and a friendly ice beast (summoned).

Vanquished Creatures
  A howler monkey (D:6)
  An orc priest (D:5)
  A gnoll bouda (D:6)
  A jelly (D:5)
  5 orc wizards
  2 gnolls (D:6)
  2 adders
  A dart slug (D:1)
  5 orcs (D:5)
  5 ball pythons
  5 endoplasms
  2 goblins (D:1)
  2 hobgoblins (D:1)
  2 quokkas (D:1)
  A bat (D:1)
  2 frilled lizards (D:1)
  2 kobolds
  4 rats
44 creatures vanquished.

Vanquished Creatures (collateral kills)
  Edmund (D:5)
  An ogre (D:4)
  A scorpion (D:4)
  2 bombardier beetles
  A jelly (D:3)
  A hound (D:4)
  3 orc priests
  2 iguanas
  An orc wizard (D:6)
  A gnoll (D:6)
  4 adders
  A ribbon worm (D:4)
  9 orcs
  4 ball pythons
  4 bats
  3 endoplasms
  2 giant cockroaches
  8 goblins
  5 hobgoblins
  A kobold (D:4)
  A quokka (D:2)
  3 frilled lizards (D:3)
  2 rats (D:3)
61 creatures vanquished.

Grand Total: 105 creatures vanquished

Notes
Turn   | Place    | Note
-------+----------+-------------------------------------------
     0 | D:1      | smashvw the Djinni Ice Elementalist began the quest for the
                  | Orb.
     0 | D:1      | smashvw set off with the following spells memorised:
                  | Freeze, Frozen Ramparts, Ozocubu's Armour, Summon Ice
                  | Beast.
     0 | D:1      | Reached XP level 1. HP: 15/15 MP: 0/0
   221 | D:1      | Reached XP level 2. HP: 19/22 MP: 0/0
   328 | D:1      | Reached skill level 1 in Fighting
   776 | D:1      | Reached XP level 3. HP: 16/27 MP: 0/0
   776 | D:1      | Learned a level 1 spell: Summon Small Mammal
  1856 | D:3      | Reached XP level 4. HP: 31/33 MP: 0/0
  2202 | D:3      | Reached XP level 5. HP: 33/38 MP: 0/0
  2202 | D:3      | Learned a level 2 spell: Call Imp
  2836 | D:4      | Reached skill level 5 in Spellcasting
  2836 | D:4      | Reached skill level 5 in Conjurations
  2836 | D:4      | Reached skill level 5 in Hexes
  2836 | D:4      | Reached skill level 5 in Summonings
  2836 | D:4      | Reached skill level 5 in Necromancy
  2836 | D:4      | Reached skill level 5 in Translocations
  2836 | D:4      | Reached skill level 5 in Fire Magic
  2836 | D:4      | Reached skill level 5 in Ice Magic
  2836 | D:4      | Reached skill level 5 in Air Magic
  2836 | D:4      | Reached skill level 5 in Earth Magic
  2836 | D:4      | Reached skill level 5 in Alchemy
  2962 | D:4      | Reached XP level 6. HP: 41/43 MP: 0/0
  3189 | D:4      | Found a staircase to the Ecumenical Temple.
  3196 | Temple   | Found a transporter.
  3196 | Temple   | Found a transporter.
  3196 | Temple   | Found a transporter.
  3196 | Temple   | Found a transporter.
  3196 | Temple   | Entered the Ecumenical Temple
  3211 | D:4      | Noticed an ogre
  3217 | D:4      | Killed an ogre
  3218 | D:4      | Reached XP level 7. HP: 45/49 MP: 0/0
  3218 | D:4      | Learned a level 3 spell: Swiftness
  3652 | D:5      | Entered Level 5 of the Dungeon
  3780 | D:5      | Found a transporter.
  3900 | D:5      | Noticed Ahpoh's ghost (novice CoGl)
  3909 | D:5      | Found a transporter.
  4012 | D:5      | Found the +3 salamander hide armour {Flames, rFlCloud rF++
                  | rC--}
  4099 | D:5      | Noticed Edmund
  4132 | D:5      | Killed Edmund
  4133 | D:5      | Reached XP level 8. HP: 52/54 MP: 0/0
  4225 | D:5      | Found Fetzeon's Armour Shop.
  4235 | D:5      | Found a basalt altar of Yredelemnul.
  4235 | D:5      | Found a burning altar of Makhleb.
  4239 | D:5      | Became a worshipper of Makhleb the Destroyer
  4580 | D:6      | Found a sacrificial altar of Ru.
  4789 | D:6      | Noticed Grinder
  4819 | D:6      | HP: 1/54 [Grinder (2)]
  4819 | D:6      | Slain by Grinder

Illustrated notes

Levels and vault maps discovered:
D:1:      roadster_arrival_rocket_large, layout_loops_corners
D:2:      layout_basic
D:3:      layout_basic, st_stairs_11
D:4:      layout_gridville, minmay_temple_entry_waves
D:5:      layout_basic, gammafunk_temple_overflow_wave, serial_shops, shop,
          portal_sewer_entry_d, gammafunk_ghost_stat_death, uniq_edmund
D:6:      layout_layer_cave, mainiacjoe_overflow_small_starburst, st_stairs_2,
          chequers_jeans, chequers_serial_rivers_room_b, uniq_grinder
Temple:   hellmonk_temple_divided_pantheon

Skill      XL: |  1  2  3  4  5  6  7 |
---------------+----------------------+-----
Fighting       | 1 2 |  2.0
Spellcasting   | 4 5 6 7 |  7.8
Conjurations   | 4 5 6 7 |  7.8
Hexes          | 4 5 6 7 |  7.8
Summonings     | 4 5 6 7 |  7.8
Necromancy     | 4 5 6 7 |  7.8
Translocations | 4 5 6 7 |  7.8
Fire Magic     | 4 5 6 7 |  7.8
Ice Magic      | 4 5 6 7 |  7.8
Air Magic      | 4 5 6 7 |  7.8
Earth Magic    | 4 5 6 7 |  7.8
Alchemy        | 4 5 6 7 |  7.8
Dodging        | |  2.1
Stealth        | |  1.5

Action                     |  1- 3 |  4- 6 |  7- 9 || total
---------------------------+-------+-------+-------++-------
  Melee: Unarmed           |     8 |    17 |     2 ||    27
   Cast: Freeze            |    35 |     5 |    24 ||    64
         Summon Ice Beast  |    10 |    18 |    14 ||    42
         Summon Small Mamm |     6 |     4 |     3 ||    13
         Call Imp          |       |     8 |     8 ||    16
         Frozen Ramparts   |       |     2 |     7 ||     9
         Ozocubu's Armour  |       |       |     1 ||     1
   Stab: Sleeping          |     1 |       |       ||     1
 Armour: Robe              |    20 |    33 |    35 ||    88
  Dodge: Dodged            |    21 |    21 |    18 ||    60
         Repelled          |     1 |     1 |       ||     2

Table legend: (Time is in decaauts)
 A = Elapsed time spent in this place.
 B = Non-inter-level travel time spent in this place.
 C = Inter-level travel time spent in this place.
 D = Time resting spent in this place.
 E = Time spent auto-exploring this place.
 F = Levels seen in this place.
 G = Mean time per level.
                   A        B        C        D        E       F      G
               +--------+--------+--------+--------+--------+-----+--------+
         Total |   4817 |   4585 |    232 |     20 |   3743 |   7 |  688.1 |
       Dungeon |   4816 |   4584 |    232 |     20 |   3743 |   6 |  802.7 |
        Temple |      1 |      1 |      0 |      0 |      0 |   1 |    1.0 |
               +--------+--------+--------+--------+--------+-----+--------+

Top non-repeatable levels by time:
     D:1: 1177 daAuts
     D:5: 927 daAuts
     D:4: 919 daAuts
     D:3: 882 daAuts
     D:2: 670 daAuts
     D:6: 238 daAuts
  Temple: 1 daAuts
